 Dungeon Crawl Stone Soup version 0.29.1-1-gd02db6906a (webtiles) character file.

Game seed: 8857798318341427488

596 Aibolit the Chopper (level 7, -4/62 HPs)
             Began as a Hill Orc Fighter on Oct 5, 2022.
             Slain by a gnoll
             ... wielding a +0 spear
              (6 damage)
             ... on level 4 of the Dungeon.
             The game lasted 00:05:57 (3687 turns).

Aibolit the Chopper (Hill Orc Fighter)              Turns: 3687, Time: 00:05:58

Health: -4/62      AC:  9    Str: 21    XL:     7   Next: 40%
Magic:  7/7        EV:  7    Int:  8    God:
Gold:   257        SH:  5    Dex: 10    Spells: 6/6 levels left

rFire   . . .      SeeInvis .   a - +0 war axe
rCold   . . .      Faith    .   c - +0 buckler
rNeg    . . .      Spirit   .   f - +0 chain mail
rPois   .          Reflect  .   (no helmet)
rElec   .          Harm     .   (no cloak)
rCorr   +          Rampage  .   (no gloves)
Will    .....                   (no boots)
Stlth   ..........              (no amulet)
HPRegen 0.20/turn               n - ring of resist corrosion
MPRegen 0.10/turn               (no ring)

@: no status effects
A: no striking features
a: no special abilities


You were on level 4 of the Dungeon.
You visited 1 branch of the dungeon, and saw 4 of its levels.

You collected 257 gold pieces.

Inventory:

Hand Weapons
 a - a +0 war axe (weapon)
Armour
 c - a +0 buckler (worn)
 f - a +0 chain mail (worn)
Jewellery
 n - a ring of resist corrosion (left hand)
Scrolls
 e - a scroll of enchant armour
 g - 4 scrolls of identify
 o - a scroll of magic mapping


   Skills:
 + Level 5.8 Fighting
 + Level 6.0 Axes
 + Level 5.4 Armour
 - Level 0.1 Dodging
 - Level 0.1 Stealth
 + Level 5.0 Shields


You had 6 spell levels left.
You didn't know any spells.
Your spell library contained the following spells:

 Spells                   Type           Power      Damage    Failure   Level
 Magic Dart               Conj           0%         1d3       99%         1
 Sandblast                Erth           0%         2d4       99%         1
 Shock                    Conj/Air       0%         1d3       99%         1
 Call Imp                 Summ           0%         N/A       100%        2
 Passwall                 Tmut/Erth      0%         N/A       100%        2
 Ignite Poison            Fire/Tmut/Pois 0%         N/A       100%        3
 Mephitic Cloud           Conj/Pois/Air  0%         N/A       100%        3
 Stone Arrow              Conj/Erth      0%         3d7       100%        3
 Swiftness                Air            0%         N/A       100%        3
 Airstrike                Air            0%         2d(0-16)  100%        4
 Summon Lightning Spire   Summ/Air       0%         N/A       100%        4


Dungeon Overview and Level Annotations

Branches:
Dungeon (4/15)
 Temple: D:4-7

Altars:
Qazlal

Annotations:
D:4 Grinder


Message History

The gnoll barely misses you.
Grinder blinks!
The gnoll hits you with a +0 club.
You are too injured to fight recklessly!
You are too injured to fight recklessly!
You are too injured to fight recklessly!
You slash the gnoll!
The gnoll is almost dead.
The gnoll hits you but does no damage.
The gnoll hits you from afar with a +4 halberd!
You hit the gnoll.
You kill the gnoll!
You block the gnoll's attack.
Natasha mumbles some strange words.
You hit the gnoll.
The gnoll is lightly wounded.
You hit Grinder.
Grinder says, "Don't move a muscle."
Grinder blinks!
The gnoll hits you but does no damage. The gnoll closely misses you.
You slash the gnoll!
The gnoll is almost dead.
The gnoll closely misses you. The gnoll hits you but does no damage.
The gnoll barely misses you. You block the gnoll's attack.
You slash the gnoll!
You kill the gnoll!
The gnoll hits you from afar with a +4 halberd!
* * * LOW HITPOINT WARNING * * *
Grinder blinks!
Natasha claws you but does no damage.
You slash Natasha!
You kill Natasha!
Natasha growls in agony!
The iron imp disappears in a puff of smoke!
The crimson imp disappears in a puff of smoke!
The white imp disappears in a puff of smoke!
The gnoll barely misses you.
Your Axes skill increases to level 6!
Your Shields skill increases to level 5!
The gnoll hits you with a +4 halberd!
* * * LOW HITPOINT WARNING * * *
The gnoll hits you with a +0 spear.
You die...

.........####..... .....
................... ......
................. ......
.............##'# #......
#..>.......##.# #......
#.............###......
..##.<5..#'###....##......
.......[ยง#...#......##....
........g@................
....>...g#............#...
.........#............#...
.........#............#...
.........###'#............
...#.....# #.#............
.###.##### #.#............
.. #### #.#....####....
....##.#....#.......


You could see Grinder and 2 gnolls.

Vanquished Creatures
  Eustachio (D:4)
  2 scorpions
  A jelly (D:4)
  2 orc priests
  Natasha (twice) (D:4)
  3 orc wizards
  3 adders
  2 gnolls (D:4)
  4 dart slugs
  10 orcs
  2 bats
  7 endoplasms
  4 giant cockroaches
  7 goblins
  7 hobgoblins
  3 jackals (D:3)
  5 quokkas
  2 ball pythons
  A frilled lizard (D:2)
  3 kobolds
  3 rats
74 creatures vanquished.

Vanquished Creatures (others)
  5 fungi (D:3)
  A plant (D:3)
6 creatures vanquished.

Grand Total: 80 creatures vanquished

Notes
Turn   | Place    | Note
-------+----------+-------------------------------------------
     0 | D:1      | Aibolit the Hill Orc Fighter began the quest for the Orb.
     0 | D:1      | Reached XP level 1. HP: 19/19 MP: 1/1
   117 | D:1      | Reached XP level 2. HP: 20/27 MP: 2/2
   728 | D:1      | Reached skill level 3 in Axes
   728 | D:1      | Reached XP level 3. HP: 32/33 MP: 3/3
  1057 | D:2      | Found the +7 staff of the Meek {protect, meekguard}
  1146 | D:2      | Found a stormy altar of Qazlal.
  1330 | D:2      | Noticed a scorpion
  1339 | D:2      | Killed a scorpion
  1340 | D:2      | Reached skill level 4 in Axes
  1340 | D:2      | Reached XP level 4. HP: 26/41 MP: 4/4
  1714 | D:3      | Reached XP level 5. HP: 47/47 MP: 5/5
  2078 | D:3      | Found a faded altar of an unknown god.
  2623 | D:4      | Reached skill level 5 in Fighting
  2623 | D:4      | Reached skill level 5 in Axes
  2623 | D:4      | Reached XP level 6. HP: 45/56 MP: 6/6
  2771 | D:4      | Got the Volume of the Thoughtful Beggars
  2808 | D:4      | Noticed Eustachio
  2844 | D:4      | Killed Eustachio
  2845 | D:4      | Reached skill level 5 in Armour
  2845 | D:4      | Reached XP level 7. HP: 35/61 MP: 7/7
  3103 | D:4      | Noticed Natasha
  3206 | D:4      | Killed Natasha
  3671 | D:4      | Noticed Natasha
  3673 | D:4      | Noticed Grinder
  3686 | D:4      | Killed Natasha
  3687 | D:4      | Reached skill level 6 in Axes
  3687 | D:4      | Reached skill level 5 in Shields
  3687 | D:4      | HP: 2/62 [gnoll/+4 halberd (9)]
  3687 | D:4      | Slain by a gnoll

Illustrated notes

Levels and vault maps discovered:
D:1:      dpeg_arrival_lava_temple_mockup, layout_loops_ring
D:2:      layout_rooms, basic_altar, grunt_decor_cap, grunt_ministairs_13
D:3:      layout_basic, shapermc_ecumenical_altar_hornbeckon
D:4:      layout_basic, minmay_box_of_dots, uniq_natasha, uniq_eustachio,
          uniq_grinder

Skill      XL: |  1  2  3  4  5  6  7 |
---------------+----------------------+-----
Fighting       | 4 5 |  5.8
Axes           | 3 4 5 6 |  6.0
Armour         | 4 5 |  5.4
Shields        | 4 5 |  5.0
Dodging        | |  0.1
Stealth        | |  0.1

Action                   |  1- 3 |  4- 6 |  7- 9 || total
-------------------------+-------+-------+-------++-------
Melee: War axe           |    72 |   109 |    27 ||   208
  Use: Scroll            |       |     6 |     2 ||     8
       Potion            |       |     8 |       ||     8
Armor: Scale mail        |    40 |    22 |       ||    62
       Chain mail        |       |    46 |    13 ||    59
       Skin              |       |     3 |       ||     3
Dodge: Dodged            |    29 |    60 |    15 ||   104
Block: Buckler           |    11 |    32 |    12 ||    55
